 Dungeon Crawl Stone Soup version 0.23-b1-70-gd12f7cf (webtiles) character file.

Game seed: 10563271389338212210

7969 HEYYEYAAE the Quickloader (level 11, -8/81 HPs)
             Began as an Octopode Hunter on Feb 6, 2019.
             Was an Elder of Okawaru.
             Mangled by a cyan ugly thing (13 damage)
             ... on level 10 of the Dungeon.
             The game lasted 00:15:48 (10536 turns).

HEYYEYAAE the Quickloader (Octopode Hunter)        Turns: 10536, Time: 00:15:49

Health: -8/81      AC:  1    Str: 17    XL:     11   Next: 23%
Magic:  11/11      EV: 20    Int: 13    God:    Okawaru [****..]
Gold:   625        SH:  0    Dex: 16    Spells: 10/10 levels left

rFire    . . .     SeeInvis +   a - +1 hand crossbow
rCold    . . .     Gourm    .   (no shield)
rNeg     . . .     Faith    .   (helmet restricted)
rPois    .         Spirit   .   r - amulet of rage
rElec    .         Reflect  .   s - +5 ring of strength
rCorr    .         Harm     .   v - ring of see invisible
MR       .....                  (no ring)
Stlth    +++.......             (no ring)
HPRegen  0.23/turn              (no ring)
MPRegen  0.12/turn              (no ring)
                                (no ring)
                                (no ring)

@: no status effects
A: almost no armour, stealthy swim, amphibious, 8 rings, constrict 8, camouflage
1, gelatinous body 1
a: Heroism, Renounce Religion, Evoke Berserk Rage


You were on level 10 of the Dungeon.
You worshipped Okawaru.
Okawaru was greatly pleased with you.
You were very hungry.

You visited 2 branches of the dungeon, and saw 11 of its levels.
You also visited: Sewer and Bailey.

You collected 625 gold pieces.

Inventory:

Hand Weapons
 a - a +1 hand crossbow (weapon)
 b - a +0 short sword
 c - a +5 spear
 e - a +0 hand axe of chopping
 t - a +2 hand axe of freezing
Missiles
 x - 107 bolts (quivered)
Jewellery
 o - an uncursed ring of ice
 r - an amulet of rage (around mantle)
 s - a +5 ring of strength (left tentacle)
 v - a ring of see invisible (right tentacle)
Scrolls
 g - 3 scrolls of remove curse
 h - a scroll of immolation
 i - 4 scrolls of magic mapping
 j - 2 scrolls of identify
 l - a scroll of fear {unknown}
 m - 3 scrolls of enchant armour {unknown}
 p - 2 scrolls of random uselessness {unknown}
 u - a scroll of blinking {unknown}
 w - a scroll of torment {unknown}
 y - a scroll of vulnerability {unknown}
 B - 2 scrolls of enchant weapon {unknown}
Potions
 k - 2 potions of curing
 n - 3 potions of flight
 q - a potion of mutation
 z - 2 potions of cancellation
Comestibles
 d - 15 rations


   Skills:
 + Level 10.1 Fighting
 + Level 10.6 Crossbows
 + Level 10.1 Dodging
 - Level 1.3 Stealth


You had 10 spell levels left.
You didn't know any spells.
Your spell library contained the following spells:

 Spells                   Type           Power        Failure   Level  Hunger
 Confusing Touch          Hex            #.....       30%         1    ##.....
 Confuse                  Hex            #.......     67%         3    ####...
 Gell's Gravitas          Tloc           #.........   67%         3    ####...
 Petrify                  Tmut/Erth      #.......     97%         4    #####..
 Metabolic Englaciation   Hex/Ice        #.........   100%        5    ######.
 Yara's Violent Unravell  Hex/Tmut       #.........   100%        5    ######.


Dungeon Overview and Level Annotations

Branches:
Dungeon (10/15)            Temple (1/1) D:5            Lair (0/6) D:9
    Orc: D:9-12

Altars:
Ashenzari
Cheibriados
Dithmenos
Elyvilon
Fedhas
Gozag
Hepliaklqana
Kikubaaqudgha
Makhleb
Nemelex Xobeh
Okawaru
Qazlal
Ru
Sif Muna
Trog
Uskayaw
Vehumet
Wu Jian
Xom
Yredelemnul
Zin
The Shining One

Annotations:
D:10 1 runed translucent door, TheDeathLetter's ghost, journeyman MiFi


Innate Abilities, Weirdness & Mutations

You cannot wear most types of armour.
You are very stealthy in the water. (Stealth+)
You are amphibious.
You can wear up to eight rings at the same time.
You can use your tentacles to constrict eight enemies at once.
Your skin changes colour to match your surroundings (Stealth+).
Your rubbery body absorbs attacks. (AC +1, EV +1)


Message History

There is an open door here.
Okay, then.
Okay, then.
The cyan ugly thing tail-slaps you!
* * * LOW HITPOINT WARNING * * *
The cyan ugly thing shocks you!
* * * LOW HITPOINT WARNING * * *
Okay, then.
Evoke which item? (* to show all) (? for menu, Esc to quit)
Aiming: Paralyse
Press: ? - help, Shift-Dir - straight line, f/p - cyan ugly thing
Aim: a cyan ugly thing (severely wounded, chance to defeat MR: 28%)
The cyan ugly thing easily resists.
The cyan ugly thing misses you.
Evoke which item? (* to show all) (? for menu, Esc to quit)
Aiming: Paralyse
Press: ? - help, Shift-Dir - straight line, f/p - cyan ugly thing
Aim: a cyan ugly thing (severely wounded, chance to defeat MR: 28%)
The cyan ugly thing easily resists.
The now-empty wand crumbles to dust.
The cyan ugly thing tail-slaps you!
You die...

..## ..≈# ##...###########...
...## ..≈≈######...#.........#...
....# #....≈≈≈##...#.........#...
....###≈.......#..>#.........#...
.....##≈≈......#...#......##'#...
.....#⌠≈≈......'...#......#......
.....##≈≈.....≈#...'......#......
....###(....(≈≈#u..#......#......
....# #..u(u≈≈##@..#......#......
...## ..≈(######...########......
..## (.≈ ##................. ..#
(. #......#####....<## ..#
#......#...#.....# ..#
#......#...#.....# ..#
#......+...'.....# ..#
#......#####[....## #.#
#.....<....[[......


You could see a cyan ugly thing.

Vanquished Creatures
  Harold (D:8)
  Erica (D:10)
  2 orc knights (Bailey)
  Sigmund (D:6)
  A hungry ghost (D:7)
  Duvessa (D:6)
  2 water moccasins
  2 porcupines (D:9)
  6 orc warriors
  2 sky beasts
  3 ice beasts (D:5)
  5 ogres
  A centaur (D:6)
  2 necrophages
  A phantom (D:6)
  3 big kobolds
  A crocodile (D:9)
  9 bullfrogs
  A wyvern zombie (D:10)
  Dowan (D:6)
  A scorpion (D:8)
  10 wights
  2 howler monkeys (D:8)
  A crimson imp (D:9)
  9 orc priests
  Crazy Yiuf (D:7)
  A bullfrog skeleton (D:4)
  A centaur skeleton (D:7)
  6 hounds
  2 jellies
  10 orc wizards
  Ijyb (D:3)
  4 iguanas
  10 worker ants
  A hound zombie (D:6)
  3 hound skeletons
  2 worker ant zombies
  7 adders
  4 gnolls (D:4)
  3 river rats
  A shadow imp (D:5)
  2 adder zombies
  3 adder skeletons
  7 worms
  4 dart slugs
  6 leopard geckos
  42 orcs
  15 giant cockroaches
  6 goblins
  7 hobgoblins
  8 jackals
  13 kobolds
  11 quokkas
  8 ball pythons
  6 bats
  2 frilled lizards
  A jackal skeleton (D:5)
  A leopard gecko skeleton (D:4)
  16 rats
284 creatures vanquished.

Vanquished Creatures (others)
  12 fungi (D:9)
  A plant (D:9)
13 creatures vanquished.

Grand Total: 297 creatures vanquished

Notes
Turn   | Place    | Note
-------+----------+-------------------------------------------
     0 | D:1      | HEYYEYAAE the Octopode Hunter began the quest for the Orb.
     0 | D:1      | Reached XP level 1. HP: 14/14 MP: 1/1
    40 | D:1      | Reached XP level 2. HP: 19/19 MP: 2/2
   385 | D:1      | Reached XP level 3. HP: 25/25 MP: 3/3
   948 | D:2      | Found a shattered altar of Ashenzari.
   953 | D:2      | Found a sacrificial altar of Ru.
   958 | D:2      | Found a glowing silver altar of Zin.
  1061 | D:2      | Reached XP level 4. HP: 30/30 MP: 4/4
  1576 | D:3      | Noticed a +0 dagger
  1578 | D:3      | Noticed a +3 hand axe
  1581 | D:3      | Found a hide-covered altar of Uskayaw.
  1601 | D:3      | Noticed Ijyb
  1656 | D:3      | Reached XP level 5. HP: 27/36 MP: 5/5
  1829 | D:3      | Reached skill level 5 in Crossbows
  1870 | D:3      | Found a glowing drain.
  1875 | Sewer    | Entered a sewer
  2074 | Sewer    | Noticed a big kobold
  2089 | Sewer    | Killed a big kobold
  2089 | Sewer    | Reached XP level 6. HP: 38/43 MP: 6/6
  2134 | Sewer    | Found a white marble altar of Elyvilon.
  2218 | D:3      | Found an opulent altar of Gozag.
  2384 | D:3      | Killed Ijyb
  3316 | D:4      | Found an ornate altar of the Wu Jian Council.
  3444 | D:4      | Reached XP level 7. HP: 28/49 MP: 7/7
  4048 | D:4      | Reached skill level 5 in Fighting
  4113 | D:4      | Reached skill level 5 in Dodging
  4219 | D:5      | Entered Level 5 of the Dungeon
  4263 | D:5      | Reached XP level 8. HP: 55/55 MP: 8/8
  4454 | D:5      | Found an ornate altar of the Wu Jian Council.
  4622 | D:5      | Found a staircase to the Ecumenical Temple.
  4764 | Temple   | Entered the Ecumenical Temple
  4915 | Temple   | Became a worshipper of Warmaster Okawaru
  5363 | D:6      | Noticed Sigmund
  5371 | D:6      | Killed Sigmund
  5371 | D:6      | Reached XP level 9. HP: 63/63 MP: 9/9
  5411 | D:6      | Reached * piety under Okawaru
  5523 | D:6      | Found a basalt altar of Yredelemnul.
  5583 | D:6      | Noticed Dowan
  5586 | D:6      | Noticed Duvessa
  5757 | D:6      | Killed Duvessa
  5761 | D:6      | Killed Dowan
  5929 | D:6      | Found a burning altar of Makhleb.
  6336 | D:7      | Reached ** piety under Okawaru
  6873 | D:7      | Found a runed translucent door.
  6874 | D:7      | Noticed Crazy Yiuf
  6880 | D:7      | Killed Crazy Yiuf
  6937 | D:8      | Reached XP level 10. HP: 72/72 MP: 10/10
  7270 | D:8      | Reached *** piety under Okawaru
  7281 | D:8      | Noticed Harold
  7298 | D:8      | Killed Harold
  7298 | D:8      | Received a gift from Okawaru
  7900 | D:9      | Found a staircase to the Lair.
  8023 | D:9      | HP: 4/111 [porcupine (16)]
  8472 | D:9      | Reached skill level 10 in Crossbows
  8931 | D:9      | Received a gift from Okawaru
  9157 | D:10     | Entered Level 10 of the Dungeon
  9171 | D:10     | Noticed Erica
  9187 | D:10     | Found a flagged portal.
  9204 | D:10     | Reached **** piety under Okawaru
  9214 | Bailey   | Entered a bailey
  9517 | Bailey   | Noticed an orc knight
  9638 | Bailey   | Noticed an orc knight
  9666 | Bailey   | Received a gift from Okawaru
  9676 | Bailey   | Killed an orc knight
  9676 | Bailey   | Reached XP level 11. HP: 81/81 MP: 11/11
  9787 | Bailey   | Killed an orc knight
  9787 | Bailey   | Reached skill level 10 in Fighting
  9944 | D:10     | Killed Erica
  9944 | D:10     | Received a gift from Okawaru
  9944 | D:10     | Reached skill level 10 in Dodging
 10202 | D:10     | Noticed TheDeathLetter's ghost (journeyman MiFi)
 10205 | D:10     | Found a runed translucent door.
 10342 | D:10     | Found an iron altar of Okawaru.
 10519 | D:10     | Noticed a cyan ugly thing
 10524 | D:10     | Noticed a white ugly thing
 10528 | D:10     | Noticed a purple ugly thing
 10534 | D:10     | HP: 4/81 [cyan ugly thing (17)]
 10536 | D:10     | Mangled by a cyan ugly thing

Skill      XL: |  1  2  3  4  5  6  7  8  9 10 11 |
---------------+----------------------------------+-----
Fighting       | 3 4 5 6 8 9 10 | 10.1
Dodging        | 3 4 5 6 8 9 10 | 10.1
Crossbows      | 5 6 7 9 10 | 10.6
Stealth        | |  1.3

Action                   |  1- 3 |  4- 6 |  7- 9 | 10-12 || total
-------------------------+-------+-------+-------+-------++-------
Melee: Short sword       |       |     6 |       |       ||     6
       Constrict         |       |     2 |    33 |    37 ||    72
       Tentacles         |       |     2 |    34 |    46 ||    82
       Hand axe          |       |       |    74 |       ||    74
       Spear             |       |       |    76 |   207 ||   283
 Fire: Hand crossbow     |    78 |   201 |   177 |    62 ||   518
Invok: Heroism           |       |       |       |     1 ||     1
 Abil: Evoke Berserk Rag |       |       |     2 |     6 ||     8
Evoke: Wand              |       |    14 |    14 |    43 ||    71
  Use: Scroll            |       |     3 |     5 |     6 ||    14
       Potion            |       |       |     7 |     6 ||    13
 Stab: Paralysed         |       |     3 |       |    14 ||    17
       Invisible         |       |       |     2 |       ||     2
       Sleeping          |       |       |     6 |     4 ||    10
       Distracted        |       |       |       |     1 ||     1
  Eat: Chunk             |       |     6 |    15 |     9 ||    30
       Ration            |       |       |     1 |     2 ||     3
Armor: Skin              |     3 |     3 |     3 |     3 ||    12
Dodge: Dodged            |    18 |    44 |   133 |   141 ||   336
